 Dungeon Crawl Stone Soup version 0.27.0-66-gdc8fb28755 (webtiles) character file.

Game seed: 15471859348472454085

69 SkeletonJelly the Shield-Bearer (level 4, -3/42 HPs)
             Began as a Deep Dwarf Fighter on Aug 21, 2021.
             Slain by Terence (8 damage)
             ... on level 2 of the Dungeon.
             The game lasted 00:02:58 (822 turns).

SkeletonJelly the Shield-Bearer (Deep Dwarf Fighter) Turns: 822, Time: 00:02:59

Health: -3/42      AC:  6    Str: 21    XL:     4   Next: 2%
Magic:  4/4        EV:  7    Int:  8    God:
Gold:   39         SH:  9    Dex: 12    Spells: 3/3 levels left

rFire    . . .     SeeInvis .   a - +0 war axe
rCold    . . .     Faith    .   c - +0 kite shield
rNeg     . . .     Spirit   .   b - +0 scale mail
rPois    .         Reflect  .   (no helmet)
rElec    .         Harm     .   (no cloak)
rCorr    .         Rampage  .   (no gloves)
Will     .....                  (no boots)
Stlth    ..........             (no amulet)
HPRegen  0.00/turn              (no ring)
MPRegen  0.09/turn              (no ring)

@: no status effects
A: damage resistance, heal wounds, sense surroundings 1, no regeneration
a: Heal Wounds


You were on level 2 of the Dungeon.
You visited 1 branch of the dungeon, and saw 2 of its levels.

You collected 39 gold pieces.

Inventory:

Hand Weapons
 a - a +0 war axe (weapon)
Armour
 b - a +0 scale mail (worn)
 c - a +0 kite shield (worn)
Scrolls
 f - 2 scrolls of teleportation {unknown}
Potions
 d - a potion of might
 e - 2 potions of attraction {unknown}
 g - 2 potions of curing {unknown}


   Skills:
 * Level 3.3 Fighting
 * Level 3.1 Axes
 + Level 3.6 Armour
 + Level 1.1 Dodging
 + Level 3.6 Shields


You had 3 spell levels left.
You didn't know any spells.
Your spell library was empty.

Dungeon Overview and Level Annotations

Branches:
Dungeon (2/15)

Altars:

Annotations:
D:2 Terence


Innate Abilities, Weirdness & Mutations

You are resistant to damage.
You can heal yourself by infusing magical energy.
You passively map a small area around you.
You do not regenerate.


Message History

No target in view!
No target in view!
No target in view!
No target in view!
Found a long glowing staff and 11 gold pieces.
Things that are here:
a ball python corpse; an adder corpse; a hobgoblin corpse A jackal comes into view.
Found a faded altar of an unknown god.
A jackal is nearby!
A jackal is nearby!
A jackal is nearby!
A jackal is nearby!
The jackal barks!
You hit the jackal.
The jackal is heavily wounded.
You block the jackal's attack. The jackal barely misses you.
You barely miss the jackal.
The jackal is heavily wounded.
The jackal bites you but does no damage.
You block the jackal's attack.
You slash the jackal!
You kill the jackal!
A jackal comes into view.
The jackal barks!
You hear an angry hiss.
A hobgoblin comes into view.
A kobold comes into view. It is wielding a +0 spear.
The hobgoblin shouts!
The kobold shouts!
You hit the jackal.
The jackal is moderately wounded.
The jackal bites you but does no damage.
The jackal bites you.
A ball python comes into view.
You miss the jackal.
The jackal is moderately wounded.
The jackal bites you but does no damage.
The jackal barely misses you. You block the jackal's attack.
You hit the jackal.
The jackal is severely wounded.
The jackal bites you but does no damage.
Terence the Incautious comes into view.
He is wielding a +0 trident.
The kobold hits you but does no damage. You block the jackal's attack.
Terence shouts!
You hit the jackal.
The jackal is almost dead.
Terence shouts, "Now you die!" You block the jackal's attack.
The kobold hits you but does no damage.
The jackal bites you but does no damage.
The kobold hits you from afar with a +0 spear.
The ball python bites you but does no damage.
The ball python barely misses you.
Your shield and scale mail prevent you from hitting the jackal.
The jackal is almost dead.
You hit the ball python. You block the jackal's attack.
The ball python completely misses you. The ball python grabs you.
The ball python constricts you. The kobold hits you but does no damage.
The jackal bites you.
The ball python bites you but does no damage.
The ball python constricts you.
You slash the ball python!
You kill the ball python!
You hit the jackal.
You kill the jackal!
You block the kobold's attack.
A dart slug comes into view.
The kobold hits you from afar with a +0 spear.
You block the hobgoblin's attack.
You have reached level 4!
You feel stronger. Terence hits you with a +0 trident.
You block the kobold's attack. You block the hobgoblin's attack.
Okay, then.
You hit Terence.
Terence is moderately wounded.
You hit the hobgoblin. Terence hits you with a +0 trident!
The kobold hits you but does no damage. You block the hobgoblin's attack.
Terence drinks a potion.
Terence goes berserk!
You hit Terence.
Terence is heavily wounded.
You hit the hobgoblin.
You kill the hobgoblin!
You block Terence's attack. You block the kobold's attack.
Terence hits you with a +0 trident.
The kobold hits you from afar with a +0 spear.
You hit Terence.
Terence is severely wounded.
Terence hits you with a +0 trident! You block Terence's attack.
The kobold closely misses you.
You hit Terence.
Terence is severely wounded.
Terence hits you with a +0 trident!
* * * LOW HITPOINT WARNING * * *
The kobold completely misses you. Terence hits you with a +0 trident!
* * * LOW HITPOINT WARNING * * *
The kobold hits you but does no damage. Terence closely misses you.
You hit Terence.
Terence is severely wounded.
Terence hits you with a +0 trident!
You die...

#. #..>#...# ####.####
#.###.#†# * *
#.......###...#...### #
#.......##.......†... *
#.#.......##†###...<...
*
#...$.|.....##.....###
,*
*##.......##.##.....# ,
##..†.............# * *
##@@...............
#.w###K######.....## ,
, #... #.# ##..### , *
#._ #.# *** #..# * ..#
* #.., .# #. #.# , , ,
, # #.#* * , , * , *


You could see Terence (berserk), a dart slug and a kobold.

Vanquished Creatures
  3 adders (D:2)
  3 endoplasms (D:1)
  A giant cockroach (D:2)
  4 goblins (D:1)
  4 hobgoblins
  8 jackals
  3 quokkas
  4 ball pythons
  2 bats (D:1)
  A frilled lizard (D:1)
  2 kobolds (D:1)
  3 rats
38 creatures vanquished.

Vanquished Creatures (others)
  10 plants (D:1)
10 creatures vanquished.

Grand Total: 48 creatures vanquished

Notes
Turn   | Place    | Note
-------+----------+-------------------------------------------
     0 | D:1      | SkeletonJelly the Deep Dwarf Fighter began the quest for
                  | the Orb.
     0 | D:1      | Reached XP level 1. HP: 20/20 MP: 1/1
   234 | D:1      | Reached XP level 2. HP: 20/27 MP: 2/2
   593 | D:1      | Reached XP level 3. HP: 33/34 MP: 3/3
   789 | D:2      | Reached skill level 1 in Dodging
   804 | D:2      | Found a faded altar of an unknown god.
   813 | D:2      | Noticed Terence
   817 | D:2      | Reached XP level 4. HP: 34/42 MP: 4/4
   822 | D:2      | Slain by Terence

Illustrated notes

Levels and vault maps discovered:
D:1:      denvon_arrival_waterhouse, layout_basic, serial_bayou_lagoon_a,
          serial_bayou_lagoon_b
D:2:      layout_loops_ring, serial_shops, nicolae_diamond_shop,
          nicolae_shop_competitors_out_of_business, basic_ecumenical_altar,
          minmay_liquid_box, uniq_terence

Skill      XL: |  1  2  3 |
---------------+----------+-----
Fighting       | 3 |  3.3
Axes           | 3 |  3.1
Dodging        | 1 |  1.1
Armour         | |  3.6
Shields        | |  3.6

Action                   |  1- 3 |  4- 6 || total
-------------------------+-------+-------++-------
Melee: War axe           |   107 |     5 ||   112
 Abil: Heal Wounds       |     2 |       ||     2
Armor: Scale mail        |    60 |     2 ||    62
Dodge: Dodged            |    46 |     3 ||    49
Block: Kite shield       |    75 |     6 ||    81
